 Dungeon Crawl Stone Soup version 0.31-a0-4-gefa6de2278 (webtiles) character file.

Game seed: 14090645926569849179

29 subawu the Firebug (level 3, -2/27 HPs)
             Began as a Draconian Fire Elementalist on May 4, 2023.
             Slain by a hobgoblin (3 damage)
             ... on level 2 of the Dungeon.
             The game lasted 00:05:57 (1270 turns).

subawu the Firebug (Draconian Fire Elementalist)    Turns: 1270, Time: 00:05:57

Health: -2/27      AC:  5    Str: 12    XL:     3   Next: 1%
Magic:  4/6        EV: 12    Int: 15    God:
Gold:   10         SH:  0    Dex: 11    Spells: 3/6 levels left

rFire   . . .        d - staff of air
rCold   . . .        (no shield)
rNeg    . . .        (body armour unavailable)
rPois   .            (helmet restricted)
rElec   +            (no cloak)
rCorr   .            (no gloves)
SInv    .            (no boots)
Will    .....        (no amulet)
Stlth   ++           (no ring)
HPRegen 0.24/turn    (no ring)
MPRegen 0.10/turn

%: no passive effects
@: no status effects
A: AC +5, unfitting armour, cold-blooded
a: no special abilities


You were on level 2 of the Dungeon.
You visited 1 branch of the dungeon, and saw 2 of its levels.

You collected 10 gold pieces.

Inventory:

Hand Weapons
 e - a +0 whip
 h - a +0 dagger
Missiles
 i - 10 stones
Magical Staves
 d - a staff of air (weapon)
Scrolls
 b - a scroll of fear
 g - a scroll of identify
Potions
 a - a potion of magic
 c - a potion of brilliance
 f - 2 potions of heal wounds {unknown}
 j - a potion of curing {unknown}


   Skills:
 + Level 0.4 Fighting
 + Level 2.2 Dodging
 + Level 1.7 Stealth
 + Level 0.2 Unarmed Combat
 + Level 2.3 Spellcasting
 + Level 1.1 Conjurations
 + Level 3.3 Fire Magic


You had 3 spell levels left.
You knew the following spells:

 Your Spells              Type           Power      Damage    Failure   Level
a - Foxfire               Conj/Fire      32%        2x1d5     9%          1
b - Scorch                Fire           22%        2d5       9%          2

Your spell library contained the following spells:

 Spells                   Type           Power      Damage    Failure   Level
 Inner Flame              Hex/Fire       6%         N/A       32%         3
 Volatile Blastmotes      Fire/Tloc      12%        2d11      32%         3
 Flame Wave               Conj/Fire      8%         2d5       63%         4


Dungeon Overview and Level Annotations

Branches:
Dungeon (2/15)

Altars:

Shops:
D:1 !


Innate Abilities, Weirdness & Mutations

Your plain brown scales are hard. (AC +5)
You cannot fit into any form of body armour.
You are cold-blooded and may be slowed by cold attacks.


Message History

The worm closely misses you.
The hobgoblin hits you but does no damage.
You hit the worm but do no damage.
The worm is lightly wounded.
The hobgoblin hits you but does no damage.
The worm barely misses you.
Casting: Foxfire (safe; 9% risk of failure)
Confirm with . or Enter, or press ? or * to list all spells.
Flames lash the worm.
The worm is heavily wounded.
The worm's fire resistance burns away.
The hobgoblin barely misses you.
You hit the hobgoblin but do no damage.
Your tail-slap misses the hobgoblin.
The hobgoblin hits you but does no damage.
The worm bites you.
You closely miss the hobgoblin.
The hobgoblin hits you but does no damage.
The worm bites you!
Casting: Scorch (safe; 9% risk of failure)
Confirm with . or Enter, or press ? or * to list all spells.
There is not enough space to conjure foxfire!
Unknown command.
You hit the hobgoblin but do no damage. The hobgoblin hits you. x2
You barely miss the worm. You tail-slap the worm.
You punch the worm, but do no damage.
The worm is heavily wounded.
The worm is no longer more vulnerable to fire.
The worm misses you.
The hobgoblin hits you but does no damage.
You hit the worm.
The worm is heavily wounded.
The hobgoblin misses you. The worm bites you!
* * * LOW HITPOINT WARNING * * *
You hit the worm. You tail-slap the worm.
The worm is almost dead.
The hobgoblin hits you.
* * * LOW HITPOINT WARNING * * *
You hit the worm.
You kill the worm!
The hobgoblin hits you.
You die...

...
...
...
#.#
#..
#.#
#.#
#@#
#g#
#.#
#.#
#>#
#..
...
###


You could see a hobgoblin.

Vanquished Creatures
  A worm (D:2)
  A dart slug (D:1)
  2 ball pythons (D:1)
  4 bats (D:1)
  3 endoplasms (D:1)
  5 giant cockroaches (D:1)
  A goblin (D:1)
  2 hobgoblins (D:1)
  2 quokkas (D:1)
  A frilled lizard (D:1)
  A kobold (D:1)
  A rat (D:1)
24 creatures vanquished.

Vanquished Creatures (others)
  5 foxfires (D:1)
5 creatures vanquished.

Grand Total: 29 creatures vanquished

Notes
Turn   | Place    | Note
-------+----------+-------------------------------------------
     0 | D:1      | subawu the Draconian Fire Elementalist began the quest for
                  | the Orb.
     0 | D:1      | Reached XP level 1. HP: 14/14 MP: 3/3
   194 | D:1      | Found Joqag's Distillery.
   434 | D:1      | Reached XP level 2. HP: 19/20 MP: 3/5
   660 | D:1      | Learned a level 2 spell: Scorch
  1020 | D:1      | Reached XP level 3. HP: 27/27 MP: 6/6
  1269 | D:2      | HP: 1/27 [hobgoblin (3)]
  1270 | D:2      | Slain by a hobgoblin

Illustrated notes

Levels and vault maps discovered:
D:1:      onia_arrival_mini_spirals, layout_basic, serial_shops,
          nicolae_shop_industrial_runoff
D:2:      layout_loops_ring, ebering_ecumenical_altar_mist, lemuel_flame_loot_1

Skill      XL: |  1  2 |
---------------+-------+-----
Dodging        | 2 |  2.2
Fighting       | |  0.4
Stealth        | |  1.7
Unarmed Combat | |  0.2
Spellcasting   | |  2.3
Conjurations   | |  1.1
Fire Magic     | |  3.3

Action                     || total
---------------------------++-------
  Melee: Unarmed           ||    22
         Tailslap          ||    17
         Staff             ||    87
         Punch             ||     2
   Cast: Foxfire           ||     3
         Scorch            ||     2
    Use: Scroll            ||     2
   Stab: Sleeping          ||     4
 Armour: Skin              ||    55
  Dodge: Dodged            ||   122

Table legend: (Time is in decaauts)
 A = Elapsed time spent in this place.
 B = Non-inter-level travel time spent in this place.
 C = Inter-level travel time spent in this place.
 D = Time resting spent in this place.
 E = Time spent auto-exploring this place.
 F = Levels seen in this place.
 G = Mean time per level.
                   A        B        C        D        E       F      G
               +--------+--------+--------+--------+--------+-----+--------+
         Total |   1288 |   1220 |     68 |     84 |      0 |   2 |  644.0 |
       Dungeon |   1288 |   1220 |     68 |     84 |      0 |   2 |  644.0 |
               +--------+--------+--------+--------+--------+-----+--------+

Top non-repeatable levels by time:
     D:1: 1271 daAuts
     D:2: 17 daAuts
